 Dungeon Crawl Stone Soup version 0.30-a0-782-ge64f9170bb (webtiles) character file.

Game seed: 1365301989088285480

1653 mopl the Magician (level 9, 0/51 HPs)
             Began as an Octopode Hedge Wizard on Mar 13, 2023.
             Slain by an ogre
             ... wielding a +0 giant club
              (33 damage)
             ... on level 6 of the Dungeon.
             The game lasted 00:07:38 (4663 turns).

mopl the Magician (Octopode Hedge Wizard)           Turns: 4663, Time: 00:07:38

Health: 0/51       AC:  1    Str: 10    XL:     9   Next: 0%
Magic:  11/17      EV: 11    Int: 26    God:
Gold:   186        SH:  9    Dex: 11    Spells: 10/19 levels left

rFire   . . .      SeeInvis .    b - +2 dagger (venom)
rCold   . . .      Faith    .    m - +0 kite shield
rNeg    . . .      Spirit   .    C - +0 hat
rPois   .          Reflect  .    D - amulet of regeneration
rElec   .          Harm     .    s - +6 ring of intelligence
rCorr   .          Rampage  .    F - +4 ring of slaying
Will    .....                    (no ring)
Stlth   +++                      (no ring)
HPRegen 1.08/turn                (no ring)
MPRegen 0.15/turn                (no ring)
                                 (no ring)
                                 (no ring)

@: no status effects
A: almost no armour, amphibious, 8 rings, camouflage 1, gelatinous body 1,
(nimble swimmer 1), tentacles
a: no special abilities


You were on level 6 of the Dungeon.
You visited 2 branches of the dungeon, and saw 7 of its levels.
You also visited: Ossuary.

You collected 186 gold pieces.

Inventory:

Hand Weapons
 a - a +1 dagger of protection
 b - a +2 dagger of venom (weapon)
Missiles
 f - 7 poisoned darts
 y - 2 boomerangs
Armour
 m - a +0 kite shield (worn)
 C - a +0 hat (worn)
Magical Staves
 p - a staff of fire
Jewellery
 s - a +6 ring of intelligence (left tentacle)
 t - an amulet of guardian spirit
 u - a ring of fire
 D - an amulet of regeneration (around mantle)
 F - a +4 ring of slaying (right tentacle)
Wands
 q - a wand of paralysis (12)
 v - a wand of acid (12)
 G - a wand of mindburst (10)
Scrolls
 d - 2 scrolls of enchant weapon {unknown}
 e - a scroll of amnesia {unknown}
 i - 3 scrolls of noise {unknown}
 l - 5 scrolls of identify {unknown}
 w - a scroll of silence {unknown}
 B - a scroll of vulnerability {unknown}
 E - 2 scrolls of teleportation {unknown}
 H - a scroll of enchant armour {unknown}
Potions
 c - 3 potions of magic
 g - 2 potions of flight {unknown}
 h - 6 potions of curing
 j - a potion of degeneration {unknown}
 k - a potion of invisibility {unknown}
 n - 3 potions of heal wounds
 o - 2 potions of attraction {unknown}
 r - a potion of brilliance {unknown}
 x - a potion of haste {unknown}
 z - 3 potions of lignification {unknown}
 A - a potion of might {unknown}


   Skills:
 - Level 2.0 Dodging
 - Level 2.6 Stealth
 + Level 5.1 Shields
 + Level 5.8 Spellcasting
 + Level 5.5 Conjurations
 - Level 1.0 Summonings
 - Level 3.0 Translocations
 + Level 2.0 Earth Magic
 + Level 3.5 Poison Magic
 + Level 2.8 Evocations


You had 10 spell levels left.
You knew the following spells:

 Your Spells              Type           Power      Damage    Failure   Level
a - Magic Dart            Conj           100%       1d8       1%          1
b - Stone Arrow           Conj/Erth      54%        3d10      12%         3
c - Mephitic Cloud        Conj/Pois/Air  23%        N/A       17%         3
e - Blink                 Tloc           46%        N/A       9%          2

Your spell library contained the following spells:

 Spells                   Type           Power      Damage    Failure   Level
 Sandblast                Erth           36%        2d10      9%          1
 Cigotuvi's Dreadful Rot  Necr/Pois/Air  26%        N/A       19%         2
 Slow                     Hex            28%        N/A       21%         1
 Call Imp                 Summ           12%        N/A       21%         2
 Passwall                 Tmut/Erth      10%        N/A       21%         2
 Dispel Undead            Necr           7%         3d8       89%         4
 Death Channel            Necr           3%         N/A       100%        6
 Chain Lightning          Conj/Air       11%        3d14      100%        9
 Fire Storm               Conj/Fire      11%        8d3       100%        9
 Shatter                  Erth           9%         3d11*     100%        9


Dungeon Overview and Level Annotations

Branches:
Dungeon (6/15)             Temple (1/1) D:6         Ossuary (visited)

Altars:
Dithmenos
Fedhas
Hepliaklqana
Kikubaaqudgha
Okawaru
Qazlal
Ru
Uskayaw
Wu Jian
Xom
Yredelemnul
The Shining One


Innate Abilities, Weirdness & Mutations

You cannot wear most types of armour.
You are amphibious.
You can wear up to eight rings at the same time.
Your skin changes colour to match your surroundings (Stealth+).
Your rubbery body absorbs attacks. (AC +1, EV +1)
((You are camouflaged when in or above water. (Stealth+)))
You have tentacles for arms and can constrict up to eight enemies at once.


Message History

Confirm with . or Enter, or press ? or * to list all spells.
Aiming: Mephitic Cloud (dangerous; 21% risk of failure)
Press: ? - help, Shift-Dir - straight line, f - ogre
Aim: an ogre, wielding a +0 giant club (chance to affect: 77%)
The ball explodes into a vile cloud!
The stinking cloud engulfs the ogre but does no damage.
The ogre is engulfed in noxious fumes.
The ogre appears confused.
The ogre mumbles something.
An ogre is nearby!
No reachable target in view!
No reachable target in view!
The ogre is engulfed in noxious fumes.
The ogre appears confused.
The ogre chortles and stares into space.
A necrophage comes into view.
The ogre is engulfed in noxious fumes.
The ogre appears confused.
The ogre closely misses you.
There is an open door here.
You barely miss the ogre. You squeeze the ogre!
The ogre is heavily wounded.
You closely miss the necrophage. You grab the necrophage.
You squeeze the necrophage.
The necrophage is lightly damaged.
You constrict the necrophage. The necrophage closely misses you.
You hit the necrophage. You tentacle-slap the necrophage.
The necrophage is heavily damaged.
You constrict the necrophage.
The ogre is engulfed in noxious fumes.
The ogre hits the necrophage with a +0 giant club!
The necrophage is destroyed!
Your Earth Magic skill increases to level 2!
You have reached level 9!
Your experience leads to an increase in your attributes!
Your base attributes are Str 10, Int 18, Dex 11.
Increase (S)trength, (I)ntelligence, or (D)exterity?
You feel clever. x2
The ogre hits you with a +0 giant club!!
You hit the ogre.
The ogre is severely wounded.
The ogre hits you with a +0 giant club!!
Ouch! That really hurt!
You die...

...... # #..... # .
#.#.## . .# ###' ##
# #.## #. ...
#..#.... .. ....
..##..#. .... #.##
.'..'###'###' ..
#..#.'...'. ..##
#O@#.#...# # .
+##'.#._.# ' #.
#..#.#...# .# ..#
#..#.'...+ ..#...#
+..'###'###'..'....
#..#.)....)# ##
#..#.......# .##
###'###'###+# #..
... #.....# #.#


You could see an ogre (confused).

Vanquished Creatures
  A water moccasin (D:4)
  2 black bears
  A sky beast (D:3)
  An ogre (D:5)
  A phantom (D:6)
  3 elf zombies (Ossuary)
  A bullfrog (D:5)
  2 necrophages
  A scorpion (D:6)
  A gnoll sergeant (D:6)
  A howler monkey (D:6)
  A centaur zombie (Ossuary)
  3 hounds (D:5)
  A human zombie (Ossuary)
  A gnoll bouda (D:6)
  A jelly (D:4)
  An orc priest (D:4)
  An iguana (D:5)
  3 orc wizards
  2 mummies (Ossuary)
  8 gnolls
  5 adders
  An adder zombie (Ossuary)
  A dart slug (D:1)
  12 orcs
  2 ball pythons
  8 endoplasms
  2 giant cockroaches
  4 goblins
  A hobgoblin (D:4)
  2 jackals (D:4)
  9 kobolds
  5 quokkas
  3 bats (D:1)
  4 frilled lizards
  A goblin zombie (Ossuary)
  6 hobgoblin zombies (Ossuary)
  A jackal zombie (Ossuary)
  8 kobold zombies (Ossuary)
  12 orc zombies (Ossuary)
  A rat (D:1)
  2 rat zombies (Ossuary)
127 creatures vanquished.

Notes
Turn   | Place    | Note
-------+----------+-------------------------------------------
     0 | D:1      | mopl the Octopode Hedge Wizard began the quest for the Orb.
     0 | D:1      | Reached XP level 1. HP: 11/11 MP: 4/4
    70 | D:1      | You fall into a shaft and drop 1 floor!
   378 | D:1      | Reached XP level 2. HP: 5/17 MP: 0/6
   439 | D:1      | Learned a level 2 spell: Blink
  1270 | D:2      | Reached XP level 3. HP: 21/21 MP: 7/7
  1324 | D:3      | Reached skill level 2 in Conjurations
  1353 | D:2      | Reached skill level 1 in Shields
  1353 | D:2      | Reached skill level 2 in Translocations
  1353 | D:2      | Reached XP level 4. HP: 14/27 MP: 3/9
  1542 | D:3      | Noticed a sky beast
  1551 | D:3      | Killed a sky beast
  1552 | D:3      | Reached XP level 5. HP: 31/31 MP: 10/10
  1674 | D:3      | Found a hide-covered altar of Uskayaw.
  1871 | D:4      | Noticed a water moccasin
  1877 | D:4      | Killed a water moccasin
  1878 | D:4      | Reached skill level 2 in Shields
  1878 | D:4      | Reached skill level 4 in Spellcasting
  1878 | D:4      | Reached skill level 3 in Conjurations
  1878 | D:4      | Reached skill level 3 in Translocations
  1878 | D:4      | Reached XP level 6. HP: 14/36 MP: 3/12
  1978 | D:4      | Found a sand-covered staircase.
  2012 | Ossuary  | Entered an ossuary
  2191 | Ossuary  | Reached skill level 3 in Shields
  2191 | Ossuary  | Reached XP level 7. HP: 41/41 MP: 13/13
  2242 | Ossuary  | Reached skill level 4 in Conjurations
  2554 | D:4      | Reached skill level 5 in Spellcasting
  2611 | D:4      | Learned a level 3 spell: Mephitic Cloud
  2622 | D:4      | Reached skill level 4 in Shields
  2622 | D:4      | Reached skill level 1 in Poison Magic
  2706 | D:4      | Reached XP level 8. HP: 25/46 MP: 2/15
  2912 | D:4      | Found a stormy altar of Qazlal.
  3239 | D:5      | Entered Level 5 of the Dungeon
  3367 | D:5      | Reached skill level 1 in Evocations
  3417 | D:5      | Found a hazy altar of Hepliaklqana.
  3426 | D:5      | Reached skill level 2 in Poison Magic
  3480 | D:5      | Reached skill level 5 in Conjurations
  3504 | D:5      | Learned a level 3 spell: Stone Arrow
  4067 | D:5      | Reached skill level 2 in Evocations
  4104 | D:6      | Found a staircase to the Ecumenical Temple.
  4112 | Temple   | Entered the Ecumenical Temple
  4260 | D:6      | Reached skill level 1 in Earth Magic
  4326 | D:6      | Reached skill level 3 in Poison Magic
  4475 | D:6      | Reached skill level 5 in Shields
  4634 | D:6      | Found an ancient bone altar of Kikubaaqudgha.
  4662 | D:6      | Reached skill level 2 in Earth Magic
  4662 | D:6      | Reached XP level 9. HP: 51/51 MP: 11/17
  4663 | D:6      | Slain by an ogre

Illustrated notes

Levels and vault maps discovered:
D:1:      erik_arrival_blinker_ship, layout_basic, grunt_decor_clamped
D:2:      layout_loops_ring
D:3:      cheibrodos_helix_gallery, layout_rooms, nicolae_uskayaw_dance_hall
D:4:      layout_loops_ring, nicolae_qazlal_eye_of_the_storm,
          lightli_ossuary_entry_decrepit_ruins
D:5:      layout_basic, lemuel_round_altar, st_stairs_7
D:6:      layout_loops_ring, mainiacjoe_overflow_24_doors,
          minmay_temple_entry_large_hall, serial_shops, shop, st_stairs_5
Temple:   nicolae_temple_colour_theory

Skill      XL: |  1  2  3  4  5  6  7  8 |
---------------+-------------------------+-----
Conjurations   | 2 3 4 5 |  5.5
Shields        | 1 2 3 4 5 |  5.1
Translocations | 2 3 |  3.0
Spellcasting   | 4 5 |  5.8
Poison Magic   | 1 3 |  3.5
Evocations     | 2 |  2.8
Earth Magic    | 2 |  2.0
Dodging        | |  2.0
Stealth        | |  2.6
Summonings     | |  1.0

Action                     |  1- 3 |  4- 6 |  7- 9 || total
---------------------------+-------+-------+-------++-------
  Melee: Dagger            |    42 |   120 |   147 ||   309
         Tentacles         |     8 |    30 |    42 ||    80
         Constrict         |     9 |    29 |    34 ||    72
         Punch             |     1 |     2 |     4 ||     7
   Cast: Magic Dart        |    31 |     1 |    80 ||   112
         Mephitic Cloud    |       |       |     2 ||     2
  Evoke: Wand              |       |     1 |     3 ||     4
    Use: Potion            |       |     1 |     1 ||     2
   Stab: Sleeping          |     4 |     6 |     1 ||    11
         Paralysed         |       |     3 |     2 ||     5
         Confused          |       |       |     1 ||     1
 Armour: Skin              |    24 |    46 |    57 ||   127
  Dodge: Dodged            |    18 |    66 |    74 ||   158
  Block: Kite shield       |     4 |    56 |    75 ||   135

Table legend: (Time is in decaauts)
 A = Elapsed time spent in this place.
 B = Non-inter-level travel time spent in this place.
 C = Inter-level travel time spent in this place.
 D = Time resting spent in this place.
 E = Time spent auto-exploring this place.
 F = Levels seen in this place.
 G = Mean time per level.
                   A        B        C        D        E       F      G
               +--------+--------+--------+--------+--------+-----+--------+
         Total |   4710 |   4498 |    212 |    572 |   2847 |   8 |  588.8 |
       Dungeon |   4274 |   4069 |    205 |    572 |   2662 |   6 |  712.3 |
        Temple |     74 |     68 |      6 |      0 |     64 |   1 |   74.0 |
       Ossuary |    361 |    361 |      0 |      0 |    121 |   1 |  361.0 |
               +--------+--------+--------+--------+--------+-----+--------+

Top non-repeatable levels by time:
     D:4: 886 daAuts
     D:5: 844 daAuts
     D:2: 793 daAuts
     D:3: 660 daAuts
     D:1: 579 daAuts
     D:6: 510 daAuts
 Ossuary: 361 daAuts
  Temple: 74 daAuts
